Map: Jagannatha LE

Players

Astrea - Winner!

  • Race: Protoss Protoss

Asuna

  • Race: Protoss Protoss

Event: DreamHack SC2 Masters 2021 Winter

VOD

Have the link to the VOD?

Description

Time

  • Played on: Oct. 13, 2021, 4:33 p.m.
  • Length: 9:08

All games in this series

Show
View Real Time Build Order
Export as new Build Order

Astrea Protoss - Winner!

Build Orders:  

Get SALT Encoding   

  12  0:00  Probe  
  13  0:12  Probe  
  14  0:16  Pylon  
  14  0:24  Probe (Chrono Boost)  
  16  0:36  Gateway, Probe (Chrono Boost)  
  16  0:41  Probe (Chrono Boost)  
  16  0:44  Assimilator  
  17  0:51  Probe  
  17  0:54  Assimilator  
  18  1:03  Probe (Chrono Boost)  
  19  1:11  Gateway  
  19  1:12  Probe (Chrono Boost)  
  19  1:17  Probe (Chrono Boost)  
  20  1:23  Cybernetics Core  
  21  1:29  Probe  
  22  1:37  Pylon  
  22  1:41  Probe  
  23  1:55  Probe  
  23  1:57  Warp Gate (Chrono Boost)  
  23  1:59  Stalker  
  23  2:00  Stalker  
  28  2:21  Gateway  
  28  2:28  Pylon  
  28  2:29  Stalker  
  30  2:42  Pylon  
  29  2:46  Probe  
  27  2:58  Stalker  
  27  2:59  Stalker  
  27  3:03  Probe  
  32  3:16  Shield Battery  
  32  3:21  Probe  
  34  3:39  Stalker x3  
  38  3:46  Pylon  
  38  4:01  Pylon  
  38  4:04  Stalker  
  38  4:08  Stalker  
  42  4:21  Stalker  
  44  4:29  Stalker  
  46  4:37  Pylon  
  46  4:56  Stalker x3  
  42  5:22  Stalker x2  
  42  5:27  Stalker  
  22  6:20  Sentry  
  24  6:32  Sentry  
  26  6:37  Sentry  
  28  6:54  Stalker  
  30  7:04  Probe (Chrono Boost)  
  31  7:12  Shield Battery  
  31  7:18  Probe (Chrono Boost)  
  32  7:30  Probe (Chrono Boost)  
  33  7:37  Zealot  
  33  7:49  Stalker  
  33  8:02  Stalker  
  29  8:26  Probe (Chrono Boost)  
  30  8:38  Probe (Chrono Boost)  
  31  8:42  Stalker  
  31  8:46  Probe (Chrono Boost)  
  32  8:52  Probe  
  27  9:00  Stalker  
Show
View Real Time Build Order
Export as new Build Order

Asuna Protoss 

Build Orders: Proxy Void Ray 

Get SALT Encoding   

  12  0:00  Probe  
  13  0:14  Pylon  
  13  0:18  Probe  
  14  0:32  Gateway  
  14  0:34  Probe (Chrono Boost)  
  15  0:44  Assimilator  
  15  0:45  Probe (Chrono Boost)  
  15  0:49  Probe (Chrono Boost)  
  16  0:55  Assimilator  
  17  1:01  Probe  
  18  1:13  Probe  
  19  1:19  Cybernetics Core  
  19  1:21  Zealot  
  19  1:25  Probe  
  22  1:35  Pylon  
  22  1:37  Probe  
  23  1:53  Probe  
  24  1:57  Stargate  
  24  1:59  Shield Battery  
  24  2:07  Stalker  
  26  2:16  Shield Battery  
  26  2:19  Probe  
  27  2:35  Void Ray (Chrono Boost)  
  31  2:45  Pylon  
  31  2:56  Stalker  
  31  3:03  Shield Battery  
  31  3:09  Void Ray (Chrono Boost)  
  35  3:26  Robotics Facility  
  35  3:33  Shield Battery  
  35  3:42  Pylon  
  35  3:47  Void Ray  
  39  4:02  Shield Battery  
  39  4:04  Shield Battery  
  39  4:10  Immortal (Chrono Boost)  
  43  4:23  Pylon  
  42  4:33  Pylon  
  42  4:48  Immortal (Chrono Boost)  
  42  4:51  Probe  
  46  5:06  Pylon  
  46  5:12  Void Ray  
  37  5:48  Immortal (Chrono Boost)  
  21  6:45  Void Ray  
  21  6:50  Warp Prism  
  20  7:31  Observer  

Tags
 
Add a new tag
Caveats
  • Supply blocks, unpowered buildings, or Contaminate may cause inaccurate times.
  • Supply counts are checked every 10 seconds.